 Dungeon Crawl Stone Soup version 0.28.0-49-g6dfe1f597d (webtiles) character file.

Game seed: 13777433454043418166

32 Atelerd the Digger (level 3, 0/21 HPs)
             Began as an Octopode Earth Elementalist on May 16, 2022.
             Killed from afar by Ijyb (11 damage)
             ... with a puff of flame
             ... on level 3 of the Dungeon.
             The game lasted 00:00:52 (1995 turns).

Atelerd the Digger (Octopode Earth Elementalist)    Turns: 1995, Time: 00:00:53

Health: 0/21       AC:  1    Str:  7    XL:     3   Next: 25%
Magic:  3/6        EV: 13    Int: 19    God:
Gold:   106        SH:  0    Dex: 12    Spells: 5/6 levels left

rFire   . . .      SeeInvis .   l - +0 dagger (flame)
rCold   . . .      Faith    .   (no shield)
rNeg    . . .      Spirit   .   (helmet restricted)
rPois   .          Reflect  .   (no amulet)
rElec   .          Harm     .   (no ring)
rCorr   .          Rampage  .   (no ring)
Will    .....                   (no ring)
Stlth   +++.......              (no ring)
HPRegen 0.07/turn               (no ring)
MPRegen 0.10/turn               (no ring)
                                (no ring)
                                (no ring)

@: no status effects
A: almost no armour, amphibious, 8 rings, camouflage 1, gelatinous body 1,
(nimble swimmer 1), tentacles
a: no special abilities


You were on level 3 of the Dungeon.
You visited 1 branch of the dungeon, and saw 3 of its levels.

You collected 106 gold pieces.

Inventory:

Hand Weapons
 d - a +0 dagger
 l - a +0 dagger of flaming (weapon)
Missiles
 b - 25 stones
Jewellery
 j - a ring of fire
Scrolls
 a - a scroll of torment {unknown}
 c - a scroll of fog {unknown}
 e - a scroll of summoning {unknown}
 f - a scroll of brand weapon {unknown}
 g - a scroll of fear {unknown}
 h - 2 scrolls of teleportation {unknown}
 i - 2 scrolls of immolation {unknown}
 k - 3 scrolls of identify {unknown}


   Skills:
 - Level 2.0 Dodging
 + Level 3.0 Stealth
 + Level 2.4 Spellcasting
 + Level 1.3 Transmutations
 + Level 3.6 Earth Magic


You had 5 spell levels left.
You knew the following spells:

 Your Spells              Type           Power      Damage    Failure   Level
a - Sandblast             Erth           32%        2d9       3%          1

Your spell library contained the following spells:

 Spells                   Type           Power      Damage    Failure   Level
 Passwall                 Tmut/Erth      9%         N/A       9%          2
 Animate Skeleton         Necr           4%         N/A       16%         1
 Apportation              Tloc           4%         N/A       16%         1
 Summon Small Mammal      Summ           8%         N/A       16%         1
 Stone Arrow              Conj/Erth      18%        3d8       22%         3
 Petrify                  Tmut/Erth      11%        N/A       50%         4


Dungeon Overview and Level Annotations

Branches:
Dungeon (3/15)

Altars:

Annotations:
D:3 Ijyb


Innate Abilities, Weirdness & Mutations

You cannot wear most types of armour.
You are amphibious.
You can wear up to eight rings at the same time.
Your skin changes colour to match your surroundings (Stealth+).
Your rubbery body absorbs attacks. (AC +1, EV +1)
((You are camouflaged when in or above water. (Stealth+)))
You have tentacles for arms and can constrict up to eight enemies at once.


Message History

Done exploring.
Done exploring.
Done exploring.
No target in view!
Done exploring.
No target in view!
Done exploring.
No target in view!
Done exploring.
(D) Dungeon
Where to? (Enter - D:2 @ (x,y), ? - help)
What level of the Dungeon? (default 1, ? - help)
There is a stone staircase leading down here.
You climb downwards.
There is a stone staircase leading up here.
Ijyb the Twisted Goblin comes into view.
She is wielding a +7 dagger of speed, wearing a +2 scale mail of cold resistance and carrying a wand of flame (13).
Found a stone staircase leading down.
Ijyb is nearby!
Ijyb is nearby!
Ijyb is nearby!
Ijyb is nearby!
There is a stone staircase leading down here.
The helpless Ijyb fails to defend herself.
You hit Ijyb. You burn Ijyb. You grab Ijyb.
Ijyb is moderately wounded.
You constrict Ijyb.
Ijyb hits you with a +7 dagger of speed.
The blast of sand hits Ijyb.
Ijyb is moderately wounded.
You constrict Ijyb. Ijyb misses you.
The blast of sand hits Ijyb but does no damage.
Ijyb is heavily wounded.
You constrict Ijyb.
Ijyb zaps a wand.
The puff of flame misses you.
The blast of sand hits Ijyb but does no damage.
Ijyb is heavily wounded.
You constrict Ijyb, but do no damage.
Ijyb hits you with a +7 dagger of speed.
Ijyb zaps a wand.
The puff of flame hits you!
Ouch! That really hurt!
You die...

#########
#.......#
#.......#
#.......###
#.........
#.......#
#.....g.#
#....@..###
#≈≈≈§≈≈≈≈≈# #
#≈#§≈≈≈≈#≈##.#
#### #§###≈#
..
....≈#≈≈≈≈≈#≈#
# #≈≈≈≈≈≈≈≈≈#
.....###....##
..###. #<####
#.....#


You could see Ijyb.

Vanquished Creatures
  A gnoll (D:1)
  4 endoplasms
  A giant cockroach (D:1)
  2 goblins (D:1)
  2 hobgoblins
  A ball python (D:1)
  5 bats
  2 kobolds (D:2)
  4 rats
22 creatures vanquished.

Notes
Turn   | Place    | Note
-------+----------+-------------------------------------------
     0 | D:1      | Atelerd the Octopode Earth Elementalist began the quest for
                  | the Orb.
     0 | D:1      | Reached XP level 1. HP: 11/11 MP: 3/3
    66 | D:1      | Reached XP level 2. HP: 15/17 MP: 1/5
  1013 | D:2      | Reached XP level 3. HP: 21/21 MP: 1/6
  1987 | D:3      | Noticed Ijyb
  1995 | D:3      | Killed from afar by Ijyb

Illustrated notes

Levels and vault maps discovered:
D:1:      dpeg_arrival_windows_large_door, layout_basic
D:2:      layout_basic
D:3:      due_chaos_kobolds, layout_loops_cross,
          nicolae_wu_jian_immortal_techniques, serial_shops,
          nicolae_shop_waterfront, shapermc_ecumenical_altar_mp_urbaneastern,
          minmay_crystal_water, st_stairs_1, kennysheep_generic_room_12,
          uniq_sigmund, uniq_ijyb

Skill      XL: |  1  2  3 |
---------------+----------+-----
Stealth        | 3 |  3.0
Dodging        | |  2.0
Spellcasting   | |  2.4
Transmutations | |  1.3
Earth Magic    | |  3.6

Action                   || total
-------------------------++-------
Melee: Unarmed           ||     6
       Constrict         ||     5
       Tentacles         ||     2
       Dagger            ||    13
 Cast: Sandblast         ||    28
 Stab: Sleeping          ||     3
Armor: Skin              ||     6
Dodge: Dodged            ||    17
